Map: Simulacrum LE

Players

DoctorRyan - Winner!

  • Race: Protoss Protoss
  • League: Grandmaster
  • Spawn Location: 5:00

A.I. 2 (Elite)

  • Race: Protoss Protoss
  • Spawn Location: 11:00

VOD

Have the link to the VOD?

Description

Time

  • Played on: Dec. 5, 2019, 8:07 p.m.
  • Length: 5:33
Show
View Real Time Build Order
Export as new Build Order

DoctorRyan Protoss - Winner!

Build Orders:  

Get SALT Encoding   

  12  0:01  Probe  
  13  0:13  Probe  
  14  0:18  Pylon  
  14  0:25  Probe  
  15  0:38  Probe (Chrono Boost), Gateway  
  16  0:49  Probe (Chrono Boost), Assimilator  
  17  0:54  Probe (Chrono Boost)  
  18  0:58  Assimilator  
  18  1:04  Probe (Chrono Boost)  
  19  1:13  Gateway  
  19  1:16  Probe (Chrono Boost)  
  20  1:24  Probe (Chrono Boost)  
  21  1:30  Probe, Cybernetics Core  
  22  1:40  Pylon  
  22  1:42  Probe  
  23  2:05  Warp Gate (Chrono Boost)  
  23  2:07  Stalker  
  23  2:08  Stalker  
  27  2:14  Pylon  
  27  2:21  Robotics Facility  
  27  2:37  Stalker x2  
  31  2:45  Gateway  
  31  3:06  Warp Prism (Chrono Boost)  
  31  3:07  Stalker  
  35  3:14  Pylon  
  35  3:35  Observer  
  36  3:47  Stalker x3  
  42  3:51  Pylon  
  42  4:15  Stalker x2  
  42  4:16  Stalker  
  48  4:39  Nexus  
  48  4:59  Stalker  
  50  5:00  Stalker  
  50  5:01  Stalker  
Show
View Real Time Build Order
Export as new Build Order

A.I. 2 (Elite) Protoss 

Build Orders:  

Get SALT Encoding   

  12  0:00  Probe  
  13  0:13  Probe  
  14  0:20  Pylon  
  14  0:25  Probe  
  15  0:34  Probe  
  15  0:42  Probe  
  16  0:49  Assimilator  
  17  0:51  Gateway  
  17  0:52  Probe  
  18  1:00  Probe  
  18  1:02  Pylon  
  18  1:08  Probe  
  20  1:18  Probe  
  21  1:30  Probe  
  22  1:40  Zealot  
  22  1:42  Probe  
  22  1:43  Cybernetics Core  
  25  2:01  Nexus  
  25  2:03  Probe  
  26  2:11  Warp Gate  
  27  2:15  Probe  
  27  2:18  Stalker  
  29  2:27  Probe  
  30  2:30  Pylon  
  30  2:39  Probe  
  30  2:41  Gateway  
  30  2:47  Assimilator  
  30  2:52  Probe  
  30  2:55  Adept  
  33  3:02  Probe, Pylon  
  34  3:10  Probe  
  34  3:13  Probe  
  34  3:18  Probe  
  36  3:25  Probe, Adept  
  40  3:29  Robotics Facility  
  40  3:32  Adept  
  42  3:35  Probe  
  42  3:37  Probe  
  44  3:47  Probe  
  45  3:50  Probe  
  45  3:51  Adept  
  48  3:59  Probe  
  48  4:02  Probe  
  46  4:10  Stalker  
  46  4:11  Probe  
  46  4:14  Probe  
  44  4:27  Zealot  
  44  4:28  Adept  
  41  4:43  Zealot  
  42  4:46  Stalker  
  42  4:52  Pylon  
  36  5:03  Zealot  
  34  5:09  Adept  
  29  5:20  Probe  
Tags
 
Matchup
PvP
Spawn Locations
Cross Positions
Add a new tag
Caveats
  • Supply blocks, unpowered buildings, or Contaminate may cause inaccurate times.
  • Supply counts are checked every 10 seconds.